 Dungeon Crawl Stone Soup version 0.26-a0-663-g36e8fdb655 (webtiles) character file.

Game seed: 2049677162371425376

54 flotson the Sneak (level 3, 0/29 HPs)
             Began as a Demonspawn Delver on Oct 10, 2020.
             Slain by an orc (5 damage)
             ... on level 5 of the Dungeon.
             The game lasted 00:01:06 (300 turns).

flotson the Sneak (Demonspawn Delver)                Turns: 300, Time: 00:01:07

Health: 0/29       AC:  3    Str: 13    XL:     3   Next: 66%
Magic:  3/3        EV: 12    Int: 11    God:
Gold:   4          SH:  0    Dex: 14    Spells: 2/2 levels left

rFire    . . .     SeeInvis .     - Unarmed
rCold    . . .     Faith    .   (no shield)
rNeg     . . .     Spirit   .   a - +0 leather armour
rPois    .         Reflect  .   (no helmet)
rElec    .         Harm     .   (no cloak)
rCorr    .         Rampage  .   (no gloves)
MR       .....                  (no boots)
Stlth    +++.......             (no amulet)
HPRegen  0.09/turn              (no ring)
MPRegen  0.08/turn              (no ring)

@: no status effects
A: sturdy frame 1
a: no special abilities


You were on level 5 of the Dungeon.
You visited 1 branch of the dungeon, and saw 1 of its levels.

You collected 4 gold pieces.

Inventory:

Hand Weapons
 g - a +0 spear
Missiles
 h - 32 sling bullets
Armour
 a - a +0 leather armour (worn)
Wands
 f - a wand of digging (3)
Scrolls
 b - a scroll of fog
 c - a scroll of magic mapping
 d - a scroll of fear
Potions
 e - a potion of haste


   Skills:
 + Level 3.5 Fighting
 + Level 1.1 Armour
 + Level 2.3 Dodging
 + Level 4.8 Stealth
 - Level 2.0 Unarmed Combat


You had 2 spell levels left.
You didn't know any spells.
Your spell library was empty.

Dungeon Overview and Level Annotations

Branches:
Dungeon (5/15)
 Temple: D:4-7

Altars:


Innate Abilities, Weirdness & Mutations

Your movements are slightly less encumbered by armour. (ER -2)


Message History

The orc misses you. The orc barely misses you.
You hit the orc.
The orc is almost dead.
The orc hits you with a +0 whip. The orc closely misses you.
You barely miss the orc.
The orc is almost dead.
The orc hits you but does no damage. The orc barely misses you.
You barely miss the orc.
The orc is almost dead.
The orc hits you with a +0 whip.
* * * LOW HITPOINT WARNING * * *
The orc hits you.
* * * LOW HITPOINT WARNING * * *
You hit the orc but do no damage.
The orc is almost dead.
The orc closely misses you. The orc misses you.
You hit the orc but do no damage.
The orc is almost dead.
The orc closely misses you. The orc hits you.
You die...

#. #. #. ########.
##.####........#
#.....#.#####..#
####..##o#.#####..#
#......o@.........#
#.##.#.###.##.##.##
# #.#.# #.##.##.#
###. #..o# #...>...#
....##...####.....##
#.......###.....#
##.......##.....#
##.o...###.....#
##...## #.....#


You could see 2 orcs.

Vanquished Creatures
  A bullfrog zombie (D:5)
  An orc wizard (D:5)
2 creatures vanquished.

Notes
Turn   | Place    | Note
-------+----------+-------------------------------------------
     0 | D:5      | flotson the Demonspawn Delver began the quest for the Orb.
     0 | D:5      | Reached XP level 1. HP: 18/18 MP: 1/1
    37 | D:5      | Gained mutation: Your movements are slightly less
                  | encumbered by armour. (ER -2) [demonic ancestry]
    37 | D:5      | Reached XP level 2. HP: 8/24 MP: 2/2
    37 | D:5      | Reached XP level 3. HP: 9/29 MP: 3/3
   290 | D:5      | Reached skill level 1 in Armour
   300 | D:5      | Slain by an orc

Illustrated notes

Levels and vault maps discovered:
D:5:      layout_loops_cross, nicolae_ashenzari_panopticon,
          kennysheep_vampire_church, gammafunk_temple_overflow_pools,
          serial_bayou_ford_a, uniq_menkaure, uniq_grinder

Skill      XL: |  1  2  3 |
---------------+----------+-----
Dodging        | 2 |  2.3
Unarmed Combat | 2 |  2.0
Armour         | 1 |  1.1
Fighting       | |  3.5
Stealth        | |  4.8

Action                   || total
-------------------------++-------
Melee: Unarmed           ||    43
Armor: Leather armour    ||    13
Dodge: Dodged            ||    27

Table legend: (Time is in decaauts)
 A = Elapsed time spent in this place.
 B = Non-inter-level travel time spent in this place.
 C = Inter-level travel time spent in this place.
 D = Time resting spent in this place.
 E = Time spent auto-exploring this place.
 F = Levels seen in this place.
 G = Mean time per level.
                   A        B        C        D        E       F      G
               +--------+--------+--------+--------+--------+-----+--------+
         Total |    298 |    298 |      0 |    208 |     15 |   1 |  298.0 |
       Dungeon |    298 |    298 |      0 |    208 |     15 |   1 |  298.0 |
               +--------+--------+--------+--------+--------+-----+--------+

Top non-repeatable levels by time:
     D:5: 298 daAuts
